 Dungeon Crawl Stone Soup version 0.25-a0-578-gc91f01c (webtiles) character file.

Game seed: 15611869995863709839, levelgen mode: deterministic

380 Faca the Ruffian (level 6, -3/63 HPs)
             Began as a Troll Fighter on Mar 5, 2020.
             Was an Initiate of Makhleb.
             Slain by Menkaure (7 damage)
             ... on level 4 of the Dungeon.
             The game lasted 00:07:06 (2556 turns).

Faca the Ruffian (Troll Fighter)                    Turns: 2556, Time: 00:07:06

Health: -3/63      AC:  6    Str: 27    XL:     6   Next: 46%
Magic:  5/5        EV:  8    Int:  4    God:    Makhleb [......]
Gold:   171        SH:  9    Dex:  9    Spells: 5/5 levels left

rFire    . . .     SeeInvis .     - Unarmed
rCold    . . .     Gourm    +   b - +0 kite shield
rNeg     . . .     Faith    .   a - +0 robe
rPois    .         Spirit   .   (helmet restricted)
rElec    .         Reflect  .   (no cloak)
rCorr    .         Harm     .   (gloves unavailable)
MR       .....                  (boots unavailable)
Stlth    +.........             (no amulet)
HPRegen  0.60/turn              (no ring)
MPRegen  0.09/turn              (no ring)

@: no status effects
A: large, unfitting armour, claws 3, fast metabolism 3, gourmand, regeneration
1, shaggy fur 1, tough skin 3
a: Renounce Religion


You were on level 4 of the Dungeon.
You worshipped Makhleb.
Makhleb was noncommittal.
You were very full.

You visited 1 branch of the dungeon, and saw 4 of its levels.

You collected 171 gold pieces.

Inventory:

Missiles
 g - 100 stones (quivered)
 o - 3 curare-tipped darts
 p - 15 poisoned darts
Armour
 a - a +0 robe (worn)
 b - a +0 kite shield (worn)
Jewellery
 k - an uncursed ring of fire
Scrolls
 f - 3 scrolls of teleportation
 i - a scroll of remove curse
Potions
 c - 3 potions of might
 e - a potion of haste
 h - a potion of flight {unknown}
 l - a potion of lignification
 r - a potion of curing
 s - a potion of ambrosia
 t - a potion of heal wounds
Comestibles
 d - 7 rations


   Skills:
 + Level 4.6 Fighting
 - Level 2.4 Dodging
 - Level 2.4 Shields
 + Level 5.1 Unarmed Combat


You had 5 spell levels left.
You didn't know any spells.
Your spell library was empty.

Dungeon Overview and Level Annotations

Branches:
Dungeon (4/15)
 Temple: D:4-7

Altars:
Cheibriados
Dithmenos
Elyvilon
Fedhas
Gozag
Hepliaklqana
Kikubaaqudgha
Makhleb
Wu Jian
Xom

Annotations:
D:4 Menkaure


Innate Abilities, Weirdness & Mutations

You are too large for most types of armour.
You have claws for hands.
Your metabolism is lightning-fast.
You like to eat raw meat.
Your natural rate of healing is unusually fast.
You are covered in fur. (AC +1)
You have extremely tough skin. (AC +3)


Message History

You barely miss Menkaure.
Menkaure calls on the powers of darkness!
Your body is wracked with pain!
* * * LOW HITPOINT WARNING * * *
You closely miss Menkaure.
Menkaure mumbles some strange words.
Menkaure seems to speed up.
You scratch Menkaure.
Menkaure is moderately damaged.
Menkaure breathes soot at you. Menkaure casts a spell at you.
Pain shoots through your body!
* * * LOW HITPOINT WARNING * * *
You scratch Menkaure.
Menkaure is moderately damaged.
You block Menkaure's attack.
You scratch Menkaure.
Menkaure is severely damaged.
Menkaure hits you!
You die...

#..........##........
.<..........##........#
#.....#.....###......?.#
###..###.##..#...).....#
##. #.#..##.......... .
#.#..>...........
#.#..............
..................
#.#.......@.......
.._.........M......
..#.#...........##.(
......)...........
##.................
..#.........$....
....##......... ....
..........


You could see Menkaure.

Vanquished Creatures
  Grinder (D:3)
  Natasha (twice) (D:2)
  5 gnolls
  2 adders (D:3)
  A worm (D:2)
  2 dart slugs
  3 leopard geckos
  5 orcs (D:3)
  4 giant cockroaches
  6 goblins
  11 hobgoblins
  A quokka (D:2)
  A ball python (D:3)
  A bat (D:2)
  A frilled lizard (D:2)
  7 kobolds
  7 rats
60 creatures vanquished.

Notes
Turn   | Place    | Note
-------+----------+-------------------------------------------
     0 | D:1      | Faca the Troll Fighter began the quest for the Orb.
     0 | D:1      | Reached XP level 1. HP: 22/22 MP: 0/0
   141 | D:1      | Reached XP level 2. HP: 29/29 MP: 1/1
   499 | D:1      | Reached XP level 3. HP: 37/37 MP: 2/2
   610 | D:2      | Reached skill level 3 in Unarmed Combat
   732 | D:2      | Reached XP level 4. HP: 39/45 MP: 3/3
   936 | D:2      | Found a shadowy altar of Dithmenos.
  1087 | D:2      | Noticed Natasha
  1096 | D:2      | Killed Natasha
  1131 | D:2      | Noticed Natasha
  1162 | D:2      | Killed Natasha
  1213 | D:2      | Found a snail-covered altar of Cheibriados.
  1533 | D:2      | Found an ornate altar of the Wu Jian Council.
  1668 | D:3      | Found a snail-covered altar of Cheibriados.
  1674 | D:3      | Reached XP level 5. HP: 54/54 MP: 4/4
  1695 | D:3      | Noticed Grinder
  1709 | D:3      | Paralysed by Grinder for 3 turns
  1749 | D:3      | Paralysed by Grinder for 7 turns
  1898 | D:3      | Reached skill level 4 in Unarmed Combat
  1942 | D:3      | Found a burning altar of Makhleb.
  1954 | D:3      | Became a worshipper of Makhleb the Destroyer
  1957 | D:3      | Found a shimmering altar of Xom.
  1957 | D:3      | Found a white marble altar of Elyvilon.
  1960 | D:3      | Found an ancient bone altar of Kikubaaqudgha.
  1961 | D:3      | Found a hazy altar of Hepliaklqana.
  2384 | D:3      | Paralysed by Grinder for 3 turns
  2391 | D:3      | Killed Grinder
  2391 | D:3      | Reached skill level 5 in Unarmed Combat
  2391 | D:3      | Reached XP level 6. HP: 46/63 MP: 5/5
  2513 | D:4      | Found an opulent altar of Gozag.
  2544 | D:4      | Found a blossoming altar of Fedhas.
  2545 | D:4      | Noticed Menkaure
  2554 | D:4      | HP: 3/63 [Menkaure/nerve-wracking pain (9)]
  2556 | D:4      | Slain by Menkaure

Levels and vault maps discovered:
D:1:      giann_horns, layout_basic, chequers_arboretum,
          minmay_misc_feat_ornament
D:2:      layout_basic, lemuel_crystal_altar, marbit_many_paths,
          grunt_dithmenos_smoke_and_mirrors, uniq_natasha
D:3:      layout_loops_cross, minitemple, kennysheep_slug_shrine, uniq_grinder
D:4:      layout_cave_pools, lemuel_crystal_altar, minivault_14,
          minmay_crystal_room, nicolae_gozag_seed_capital, uniq_eustachio,
          uniq_menkaure

Skill      XL: |  1  2  3  4  5 |
---------------+----------------+-----
Fighting       | 3 4 |  4.6
Unarmed Combat | 3 5 |  5.1
Dodging        | |  2.4
Shields        | |  2.4

Action                   |  1- 3 |  4- 6 || total
-------------------------+-------+-------++-------
Melee: Unarmed           |    89 |   121 ||   210
Throw: Stone             |       |     2 ||     2
  Use: Scroll            |       |     8 ||     8
 Stab: Sleeping          |       |     2 ||     2
  Eat: Chunk             |    12 |    16 ||    28
Armor: Robe              |    27 |    26 ||    53
Dodge: Dodged            |    43 |    25 ||    68
Block: Kite shield       |    43 |    32 ||    75

Table legend:
 A = Non-vault XP
 B = Vault XP
 C = Vault XP percentage of total XP
 D = Non-vault monster count
 E = Vault monster count
 F = Vault count percentage of total count
                 A         B        C        D         E       F
            +---------+---------+-------+---------+---------+-------
      Total |     229 |     315 |  57.9 |      56 |       4 |   6.7
            +---------+---------+-------+---------+---------+-------
        D:1 |      77 |       0 |   0.0 |      19 |       0 |   0.0
        D:2 |      84 |      34 |  28.8 |      13 |       2 |  13.3
        D:3 |      68 |     281 |  80.5 |      24 |       2 |   7.7
            +---------+---------+-------+---------+---------+-------
